AoeStats
← dantuzzi10

MegaRandom

503931609Analyzed
4v4 RM · 1mo ago on Sep 3, 2026· 40m 1s· 8 players
Game mode
Random Map
Map size
Large (8 player)
Population
200
Speed
Normal
Resources
Standard
Victory
Conquest
Starting age
Dark Age
Ending age
Imperial Age
RankedLock teamsTeams togetherTeam positionsShared explorationLock speedFull tech treeHidden civsTurbo modeCheats
Victory
Defeat
🇦🇷 Maya · Argentina
1231
+13
🇦🇷 Persians · Argentina
1224
+13
🇦🇷 Britons · Argentina
1158
+16
🇦🇷 Franks · Argentina
1154
+16
🇦🇷 Persians · Argentina
1275
-19
🇦🇷 Tupi · Argentina
1202
-16
🇨🇳 Goths · China
1154
-14
🇦🇷 Sicilians · Argentina
1023
-9
ParK
11:57 Feudal Age
10:35 Loom
17:35 Wheelbarrow
17:55 Double-Bit Axe
18:10 Town Watch
20:13 Forging
21:47 Scale Mail Armor
24:09 Padded Archer Armor
24:29 Horse Collar
24:42 Stone Mining
28:23 Fletching
28:51 Gold Mining
ACouchPotato
7:27 Loom
8:43 Loom
11:00 Feudal Age
15:01 Castle Age
13:13 Double-Bit Axe
13:43 Horse Collar
20:18 Scale Barding Armor
20:59 Husbandry
22:01 Bloodlines
25:44 Chain Barding Armor
27:26 Fletching
31:00 Bow Saw
30:41 Gold Mining
31:20 Forging
31:46 Heavy Plow
33:36 Bodkin Arrow
33:58 Stone Mining
36:33 Padded Archer Armor
37:11 Iron Casting
37:44 Ballistics
38:42 Murder Holes
pr0grammer
6:49 Loom
7:20 Loom
11:47 Feudal Age
12:19 Champi Runner
13:41 Fletching
13:52 Padded Archer Armor
15:28 Wheelbarrow
16:20 Double-Bit Axe
26:49 Castle Age
25:31 Horse Collar
25:45 Gold Mining
26:51 Stone Mining
27:05 Crossbowman
27:57 Bodkin Arrow
28:47 Town Watch
30:54 Ballistics
33:38 Bow Saw
35:35 Caciques
36:02 Hand Cart
36:34 Heavy Plow
墨子
4:19 Loom
11:59 Feudal Age
14:49 Double-Bit Axe
17:30 Castle Age
17:24 Horse Collar
22:33 Fletching
27:45 Heavy Plow
28:26 Bow Saw
29:05 Scale Mail Armor
29:49 Wheelbarrow
30:47 Pikeman
36:08 Gold Mining
38:01 Hand Cart
40:22 Imperial Age
38:57 Forging
39:03 Chain Mail Armor
39:34 Squires
[Tps] RamsasII
6:49 Loom
10:44 Feudal Age
11:23 Double-Bit Axe
11:19 Horse Collar
18:23 Wheelbarrow
17:42 Gold Mining
23:05 Castle Age
21:41 Forging
21:39 Scale Barding Armor
21:49 Bloodlines
23:22 Forging
23:54 Chain Barding Armor
26:04 Iron Casting
25:55 Husbandry
29:03 Heavy Plow
30:40 Bow Saw
34:20 Gold Shaft Mining
35:51 Hand Cart
39:33 Imperial Age
36:49 Town Watch
38:58 Stone Mining
39:11 Cavalier
40:32 Plate Barding Armor
[Tps] Legio
8:12 Loom
10:48 Feudal Age
14:33 Fletching
17:09 Padded Archer Armor
21:13 Castle Age
20:37 Gold Mining
21:17 Crossbowman
21:53 Bodkin Arrow
22:40 Thumb Ring
28:40 Ballistics
34:27 Double-Bit Axe
37:35 Wheelbarrow
40:52 Imperial Age
[Tps] Mikev
7:23 Loom
12:43 Feudal Age
14:34 Double-Bit Axe
25:13 Fletching
28:24 Castle Age
26:51 Padded Archer Armor
29:47 Wheelbarrow
28:50 Crossbowman
31:16 Bodkin Arrow
33:46 Leather Archer Armor
35:24 Ballistics
35:44 Gold Mining
dantuzzi10
8:51 Loom
11:02 Feudal Age
17:21 Castle Age
15:31 Double-Bit Axe
17:16 Scale Barding Armor
19:51 Forging
24:14 Husbandry
28:47 Chain Barding Armor
30:57 Wheelbarrow
35:54 Iron Casting
38:30 Light Cavalry
Connection lost

Rejoining the realm…

Still unreachable

The connection could not be restored.

Session expired

The server has moved on; the page needs a fresh start.